 Dungeon Crawl Stone Soup version 0.30.0-5-g1a98f26d00 (webtiles) character file.

Game seed: 11196444823708801335

87 Irreverend the Shooter (level 4, 0/38 HPs)
             Began as a Minotaur Hunter on May 10, 2023.
             Slain by an ice beast (2 damage)
             ... on level 3 of the Dungeon.
             The game lasted 00:02:10 (1778 turns).

Irreverend the Shooter (Minotaur Hunter)            Turns: 1778, Time: 00:02:10

Health: 0/38       AC:  3    Str: 21    XL:     4   Next: 28%
Magic:  3/3        EV: 13    Int:  6    God:
Gold:   88         SH:  0    Dex: 16    Spells: 3/3 levels left

rFire   . . .        a - +0 shortbow
rCold   . . .        (shield currently unavailable)
rNeg    . . .        c - +0 leather armour
rPois   +            (helmet restricted)
rElec   .            (no cloak)
rCorr   .            (no gloves)
SInv    .            (no boots)
Will    .....        (no amulet)
Stlth   ++           l - +6 ring of strength
HPRegen 0.26/turn    k - ring of poison resistance
MPRegen 0.08/turn

%: no passive effects
@: no status effects
A: horns 2, retaliatory headbutt
a: no special abilities


You were on level 3 of the Dungeon.
You visited 1 branch of the dungeon, and saw 3 of its levels.

You collected 88 gold pieces.

Inventory:

Hand Weapons
 a - a +0 shortbow (weapon)
Armour
 c - a +0 leather armour (worn)
Jewellery
 j - an amulet of the acrobat
 k - a ring of poison resistance (right hand)
 l - a +6 ring of strength (left hand)
 p - an amulet of faith
Scrolls
 b - a scroll of immolation
 e - a scroll of blinking {unknown}
 f - a scroll of magic mapping {unknown}
 h - a scroll of brand weapon {unknown}
 i - a scroll of enchant armour {unknown}
 m - a scroll of noise {unknown}
 n - a scroll of fear {unknown}
 t - a scroll of summoning {unknown}
Potions
 d - a potion of lignification {unknown}
 g - a potion of attraction {unknown}
 o - a potion of brilliance {unknown}
 q - a potion of haste {unknown}
 r - a potion of curing {unknown}
 s - 2 potions of heal wounds {unknown}


   Skills:
 + Level 3.3 Fighting
 * Level 5.2 Ranged Weapons
 + Level 3.0 Dodging
 + Level 1.7 Stealth


You had 3 spell levels left.
You didn't know any spells.
Your spell library was empty.

Dungeon Overview and Level Annotations

Branches:
Dungeon (3/15)

Altars:


Innate Abilities, Weirdness & Mutations

You have a pair of horns on your head.
You reflexively headbutt those who attack you in melee.


Message History

Fire: a) +0 shortbow
Press: ? - help, Shift-Dir - straight line, f/p - ice beast
Aim: an ice beast (moderately wounded, 63% to hit)
You shoot an arrow. The arrow hits the ice beast.
The ice beast is heavily wounded.
The ice beast hits you but does no damage.
Fire: a) +0 shortbow
Press: ? - help, Shift-Dir - straight line, f/p - ice beast
Aim: an ice beast (heavily wounded, 63% to hit)
You shoot an arrow. The arrow hits the ice beast.
The ice beast is severely wounded.
The bat closely misses you. The bat hits you but does no damage.
The goblin hits you but does no damage. The ice beast closely misses you.
The ice beast barely misses you. The goblin hits you but does no damage.
The ice beast attacks as you move away! The ice beast misses you.
You furiously retaliate!
You headbutt the ice beast.
The bat closely misses you. x2; The goblin hits you with a +0 dagger.
The goblin attacks as you move away! The goblin hits you with a +0 dagger.
The ice beast attacks as you move away! The ice beast hits you.
The ice beast freezes you! The bat barely misses you.
Fire: a) +0 shortbow
Press: ? - help, Shift-Dir - straight line, f/p - ice beast
Aim: an ice beast (severely wounded, 63% to hit)
You shoot an arrow. The arrow closely misses the ice beast.
The arrow hits the goblin!
You kill the goblin!
Fire: a) +0 shortbow
Press: ? - help, Shift-Dir - straight line, f/p - ice beast
Aim: an ice beast (severely wounded, 63% to hit)
You shoot an arrow.
The arrow hits the ice beast but does no damage.
The ice beast is severely wounded.
The ice beast hits you. The ice beast freezes you!
* * * LOW HITPOINT WARNING * * *
Fire: a) +0 shortbow
Press: ? - help, Shift-Dir - straight line, f/p - ice beast
Aim: an ice beast (severely wounded, 63% to hit)
You shoot an arrow. The arrow barely misses the ice beast.
The arrow closely misses the bat.
The ice beast hits you.
You die...

#...# .. ...
###.###.# #...
#...#.#..[.#
..##...#.#....#
#....#.....#
.........).?.#
#########b##..#
#Y##..##
#@.....#
#####.... ..


You could see an ice beast and a bat.

Vanquished Creatures
  Terence (D:3)
  4 ball pythons
  7 endoplasms
  12 giant cockroaches (D:2)
  6 goblins
  5 hobgoblins
  A quokka (D:2)
  4 bats
  5 frilled lizards
  3 kobolds
  6 rats
54 creatures vanquished.

Notes
Turn   | Place    | Note
-------+----------+-------------------------------------------
     0 | D:1      | Irreverend the Minotaur Hunter began the quest for the Orb.
     0 | D:1      | Reached XP level 1. HP: 18/18 MP: 0/0
    54 | D:1      | Reached skill level 1 in Stealth
   260 | D:1      | Reached XP level 2. HP: 25/25 MP: 1/1
  1304 | D:2      | Reached XP level 3. HP: 30/30 MP: 2/2
  1386 | D:2      | Reached skill level 5 in Ranged Weapons
  1718 | D:3      | Noticed Terence
  1732 | D:3      | Killed Terence
  1733 | D:3      | Reached XP level 4. HP: 35/38 MP: 3/3
  1765 | D:3      | Noticed an ice beast
  1778 | D:3      | Slain by an ice beast

Illustrated notes

Levels and vault maps discovered:
D:1:      lightli_arrival_farm, layout_loops_corners
D:2:      minmay_roachtagon, layout_basic, roderic_serpentine_path
D:3:      layout_rooms, evilmike_ruin_ashenzari, elyvilon_altar_5,
          minmay_quantized, uniq_terence, uniq_jessica, uniq_grinder

Skill      XL: |  1  2  3 |
---------------+----------+-----
Stealth        | 1 |  1.7
Fighting       | 3 |  3.3
Ranged Weapons | 5 |  5.2
Dodging        | 3 |  3.0

Action                     |  1- 3 |  4- 6 || total
---------------------------+-------+-------++-------
   Fire: Shortbow          |   118 |    13 ||   131
 Armour: Leather armour    |    12 |     7 ||    19
  Dodge: Dodged            |    40 |     8 ||    48
